 Dungeon Crawl Stone Soup version 0.23.2-1-ga50397a (webtiles) character file.

Game seed: 2690055824771492221

75 Iscandelvey the Vexing (level 4, 0/32 HPs)
             Began as a Demonspawn Arcane Marksman on Apr 17, 2019.
             Succumbed to a scorpion's poison
             ... on level 3 of the Dungeon.
             The game lasted 00:01:29 (2019 turns).

Iscandelvey the Vexing (Demonspawn Arcane Marksman) Turns: 2019, Time: 00:01:30

Health: 0/32       AC:  4    Str: 10    XL:     4   Next: 11%
Magic:  5/5        EV: 12    Int: 15    God:
Gold:   158        SH:  0    Dex: 14    Spells: 4/5 levels left

rFire    . . .     SeeInvis .   a - +0 hand crossbow
rCold    . . .     Gourm    .   (no shield)
rNeg     . . .     Faith    .   e - +0 robe
rPois    .         Spirit   .   (no helmet)
rElec    .         Reflect  .   (no cloak)
rCorr    .         Harm     .   (no gloves)
MR       .....                  (no boots)
Stlth    +++.......             (no amulet)
HPRegen  0.10/turn              (no ring)
MPRegen  0.09/turn              (no ring)

@: lethally poisoned (0 -> -36)
A: yellow scales 1, nightstalker 2
a: no special abilities


You were on level 3 of the Dungeon.
You were very hungry.

You visited 1 branch of the dungeon, and saw 3 of its levels.

You collected 158 gold pieces.

Inventory:

Hand Weapons
 a - a +0 hand crossbow (weapon)
 n - a +0 dagger
Missiles
 d - 48 bolts (quivered)
Armour
 e - a +0 robe (worn)
Jewellery
 o - a cursed amulet of inaccuracy {unknown}
 r - an uncursed amulet of guardian spirit {unknown}
Scrolls
 h - a scroll of fog {unknown}
 i - 3 scrolls of identify {unknown}
 k - a scroll of remove curse {unknown}
 l - a scroll of amnesia {unknown}
 p - a scroll of blinking {unknown}
 q - 3 scrolls of enchant weapon {unknown}
Potions
 b - a potion of curing {unknown}
 c - 2 potions of heal wounds {unknown}
 g - 2 potions of agility {unknown}
 j - a potion of ambrosia {unknown}
 m - 2 potions of magic {unknown}
Comestibles
 f - 4 rations


   Skills:
 + Level 1.3 Fighting
 + Level 3.2 Crossbows
 + Level 2.0 Dodging
 + Level 0.1 Stealth
 + Level 1.0 Spellcasting
 + Level 3.6 Hexes


You had 4 spell levels left.
You knew the following spells:

 Your Spells              Type           Power        Failure   Level  Hunger
a - Corona                Hex            ##.....      5%          1    ##.....

Your spell library contained the following spells:

 Spells                   Type           Power        Failure   Level  Hunger
 Slow                     Hex            ##......     9%          2    ###....
 Inner Flame              Hex/Fire       #.......     34%         3    ####...
 Portal Projectile        Hex/Tloc       #.....       34%         3    ####...
 Cause Fear               Hex            ##........   50%         4    #####..
 Leda's Liquefaction      Hex/Erth       #.........   75%         4    #####..


Dungeon Overview and Level Annotations

Branches:
Dungeon (3/15)

Altars:
Gozag
Okawaru


Innate Abilities, Weirdness & Mutations

You are partially covered in yellow scales. (AC +2)
You are significantly more attuned to the shadows.


Message History

You are too injured to fight recklessly!
There is a lethal amount of poison in your body!
You are too injured to fight recklessly!
There is a lethal amount of poison in your body!
You are too injured to fight recklessly!
Firing (i - inventory)
d - 50 bolts (quivered)
Press: ? - help, Shift-Dir - straight line, f - scorpion
Aim: a scorpion (moderately wounded)
You shoot a bolt. The bolt closely misses the scorpion.
* * * LOW HITPOINT WARNING * * *
You feel very sick. The scorpion stings you.
* * * LOW HITPOINT WARNING * * *
You are more poisoned.
The scorpion poisons you!
Firing (i - inventory)
d - 49 bolts (quivered)
Press: ? - help, Shift-Dir - straight line, f/p - scorpion
Aim: a scorpion (moderately wounded)
You shoot a bolt. The bolt closely misses the scorpion.
You die...

#.....# #.....#
##.....# #...#.##
#...#.# #####
#...#.# .....
#...#.# .....
#...#.#######.....
#...'.......@.....
#...#..).####s....
##.#####.# ...((
#. #.# .(... #.
#.# ..... #.#
....( #.# #.#


You could see a scorpion.

Vanquished Creatures
  2 adders (D:2)
  An ooze (D:1)
  3 worms
  2 dart slugs
  2 leopard geckos
  A ball python (D:2)
  3 giant cockroaches
  7 goblins
  5 hobgoblins
  6 bats
  A frilled lizard (D:3)
  2 kobolds
  3 rats (D:2)
38 creatures vanquished.

Notes
Turn   | Place    | Note
-------+----------+-------------------------------------------
     0 | D:1      | Iscandelvey the Demonspawn Arcane Marksman began the quest
                  | for the Orb.
     0 | D:1      | Reached XP level 1. HP: 15/15 MP: 2/2
   247 | D:1      | Gained mutation: You are slightly more attuned to the
                  | shadows. [demonic ancestry]
   247 | D:1      | Reached XP level 2. HP: 21/21 MP: 3/3
  1017 | D:2      | Found an opulent altar of Gozag.
  1077 | D:2      | Found an iron altar of Okawaru.
  1178 | D:2      | Gained mutation: You are significantly more attuned to the
                  | shadows. [demonic ancestry]
  1178 | D:2      | Reached XP level 3. HP: 17/26 MP: 4/4
  1926 | D:3      | Gained mutation: You are partially covered in yellow
                  | scales. (AC +2) [demonic ancestry]
  1926 | D:3      | Reached XP level 4. HP: 31/32 MP: 5/5
  2019 | D:3      | Succumbed to a scorpion's poison

Skill      XL: |  1  2  3 |
---------------+----------+-----
Crossbows      | 2 3 |  3.2
Dodging        | 2 |  2.0
Fighting       | |  1.3
Stealth        | |  0.1
Spellcasting   | |  1.0
Hexes          | |  3.6

Action                   |  1- 3 |  4- 6 || total
-------------------------+-------+-------++-------
 Fire: Hand crossbow     |   107 |    13 ||   120
  Eat: Chunk             |     2 |       ||     2
Armor: Robe              |     8 |       ||     8
Dodge: Dodged            |    42 |     4 ||    46
